Map: [ESL] Site Delta

Players

Creator - Winner!

  • Race: Protoss Protoss
  • Spawn Location: 11:00

Epic

  • Race: Terran Terran
  • Spawn Location: 5:00

Event: ESL Spring 2024 Finals

VOD

Have the link to the VOD?

Description

Time

  • Played on: May 31, 2024, 11:39 a.m.
  • Length: 17:14

All games in this series

Show
View Real Time Build Order
Export as new Build Order

Creator Protoss - Winner!

Build Orders: 1 Gate Expand, Blink Stalkers, Colossus Rush 

Get SALT Encoding   

  12  0:00  Probe  
  13  0:12  Probe  
  14  0:17  Pylon  
  14  0:24  Probe (Chrono Boost)  
  15  0:36  Gateway, Probe (Chrono Boost)  
  16  0:43  Probe (Chrono Boost)  
  16  0:45  Assimilator  
  17  0:51  Probe  
  18  1:03  Probe  
  19  1:15  Probe  
  20  1:23  Cybernetics Core  
  20  1:31  Nexus  
  20  1:40  Pylon  
  20  1:42  Probe  
  21  1:47  Assimilator  
  21  1:54  Probe  
  21  1:57  Adept (Chrono Boost)  
  21  1:59  Warp Gate  
  24  2:06  Probe  
  25  2:17  Adept (Chrono Boost)  
  25  2:18  Probe  
  28  2:30  Probe  
  28  2:35  Twilight Council  
  29  2:39  Stalker  
  29  2:43  Probe  
  32  2:45  Probe  
  33  2:53  Shield Battery  
  33  2:55  Probe  
  33  2:58  Probe  
  35  3:08  Blink (Chrono Boost), Probe  
  35  3:10  Probe  
  35  3:12  Gateway  
  37  3:18  Gateway  
  37  3:23  Probe (Chrono Boost)  
  37  3:24  Probe (Chrono Boost)  
  39  3:29  Robotics Facility  
  39  3:36  Probe (Chrono Boost)  
  39  3:38  Pylon  
  41  3:41  Probe (Chrono Boost)  
  41  3:43  Probe (Chrono Boost)  
  41  3:47  Stalker  
  44  3:49  Probe  
  44  3:50  Probe  
  46  3:59  Assimilator, Pylon  
  46  4:01  Assimilator  
  46  4:05  Probe  
  46  4:06  Probe  
  46  4:07  Stalker  
  50  4:16  Observer  
  51  4:18  Probe (Chrono Boost)  
  51  4:19  Pylon  
  51  4:22  Probe (Chrono Boost)  
  53  4:25  Robotics Bay  
  53  4:29  Probe (Chrono Boost)  
  55  4:32  Stalker, Zealot  
  55  4:33  Probe (Chrono Boost)  
  55  4:37  Probe  
  59  4:41  Immortal  
  64  4:46  Stalker  
  64  4:49  Pylon  
  66  4:54  Sentry  
  66  4:55  Pylon  
  66  4:56  Observer  
  66  4:58  Pylon  
  68  5:00  Probe  
  68  5:01  Probe  
  70  5:09  Sentry  
  70  5:11  Zealot  
  74  5:17  Colossus (Chrono Boost)  
  80  5:29  Nexus  
  80  5:33  Probe x2  
  81  5:36  Stalker  
  81  5:41  Pylon  
  83  5:48  Probe x2  
  85  5:53  Stalker  
  85  5:55  Colossus (Chrono Boost)  
  85  6:01  Zealot, Sentry  
  85  6:04  Shield Battery  
  93  6:06  Probe x2  
  95  6:15  Forge  
  95  6:19  Probe x2  
  95  6:20  Extended Thermal Lance  
  95  6:22  Pylon  
  97  6:31  Probe x2  
  99  6:37  Colossus (Chrono Boost)  
  99  6:41  Protoss Ground Weapons Level 1 (Chrono Boost)  
  105  6:47  Stalker x2  
  105  6:50  Shield Battery  
  105  6:53  Zealot  
  111  6:56  Pylon  
  111  6:58  Pylon  
  111  7:02  Charge  
  111  7:06  Probe x3  
  114  7:11  Stalker  
  114  7:12  Gateway  
  114  7:13  Stalker  
  118  7:19  Photon Cannon  
  118  7:20  Zealot, Observer  
  120  7:23  Probe x3  
  120  7:26  Assimilator  
  120  7:27  Assimilator  
  123  7:32  Gateway  
  123  7:37  Templar Archives  
  123  7:39  Gateway  
  123  7:42  Probe x2  
  125  7:53  Pylon  
  125  7:55  Pylon  
  125  8:07  Gateway x2  
  125  8:09  Nexus  
  125  8:11  Warp Prism (Chrono Boost), Probe x3  
  130  8:18  High Templar x2  
  134  8:20  Protoss Ground Weapons Level 2 (Chrono Boost)  
  134  8:27  Pylon  
  134  8:33  Zealot, High Templar, Photon Cannon  
  134  8:34  Shield Battery  
  138  8:35  Pylon  
  138  8:37  Zealot  
  138  8:45  Archon, High Templar  
  142  8:50  Immortal (Chrono Boost)  
  142  8:52  Shield Battery, Photon Cannon  
  142  8:54  Archon  
  142  8:55  Zealot x3  
  148  9:09  Forge, High Templar x2  
  152  9:14  Archon  
  152  9:16  Robotics Facility, Immortal (Chrono Boost)  
  156  9:24  Zealot x2  
  156  9:25  Zealot x2  
  156  9:26  Dark Shrine  
  156  9:27  Probe x2  
  156  9:28  Probe  
  167  9:34  High Templar  
  167  9:37  Photon Cannon  
  167  9:42  High Templar  
  169  9:49  Zealot  
  169  9:50  Zealot x2  
  169  9:52  Disruptor (Chrono Boost)  
  149  9:54  Archon  
  149  9:58  Stalker x3  
  117  10:11  Immortal (Chrono Boost)  
  115  10:17  Zealot x4  
  115  10:25  Stalker, High Templar x2  
  115  10:26  Stalker  
  123  10:30  Archon  
  123  10:34  Disruptor (Chrono Boost)  
  115  10:40  Nexus  
  117  10:43  Dark Templar  
  119  10:54  Dark Templar  
  119  10:57  Pylon  
  119  11:01  Zealot  
  119  11:02  Disruptor (Chrono Boost), Nexus  
  123  11:19  Stalker x4, Zealot  
  123  11:20  Zealot  
  123  11:24  Disruptor (Chrono Boost), Observer  
  123  11:25  Probe x3  
  140  11:27  Pylon  
  140  11:34  Disruptor (Chrono Boost)  
  140  11:47  Stalker x2  
  140  11:49  Stalker  
  140  11:50  Stalker x2  
  140  11:53  Zealot x2  
  150  12:05  Disruptor (Chrono Boost)  
  150  12:07  Colossus (Chrono Boost)  
  150  12:13  Zealot x7  
  150  12:14  Protoss Ground Armor Level 1 (Chrono Boost)  
  169  12:17  Pylon  
  169  12:29  Protoss Shields Level 1 (Chrono Boost)  
  169  12:31  Pylon  
  169  12:38  Immortal (Chrono Boost)  
  173  12:45  Zealot x3  
  179  12:53  Nexus  
  179  12:54  Pylon  
  179  12:56  Colossus  
  177  13:10  Zealot x4  
  175  13:14  Stalker, Zealot x2  
  175  13:15  Zealot  
  159  13:32  Stalker  
  159  13:33  Stalker x3  
  171  13:34  Colossus (Chrono Boost)  
  171  13:37  Dark Templar x2  
  171  13:41  Gateway  
  175  13:43  Archon  
  175  13:45  Zealot, Sentry, Pylon  
  175  13:48  Warp Prism (Chrono Boost)  
  181  13:56  Dark Templar  
  181  13:57  Dark Templar  
  175  14:10  Archon  
  175  14:11  Zealot x2, Dark Templar x2  
  175  14:13  Probe  
  175  14:14  Probe x4  
  175  14:16  Sentry  
  190  14:17  Archon  
  190  14:20  Disruptor (Chrono Boost)  
  194  14:25  Probe  
  194  14:29  Stalker x2  
  194  14:31  Stalker  
  190  14:45  Psionic Storm  
  196  14:55  Colossus (Chrono Boost)  
  196  14:56  Assimilator  
  196  14:58  Assimilator, Photon Cannon  
  196  15:06  Protoss Ground Armor Level 2 (Chrono Boost)  
  196  15:12  Observer (Chrono Boost)  
  197  15:14  High Templar  
  197  15:16  Nexus  
  197  15:17  Gateway  
  194  15:34  Zealot x4, Dark Templar  
  200  15:43  Pylon  
  200  15:44  Gateway  
  200  15:46  Gateway  
  200  15:53  Photon Cannon  
  200  15:55  Photon Cannon  
  200  15:56  Shield Battery  
  185  16:28  Dark Templar x2  
  185  16:29  Zealot x3, High Templar  
  185  16:30  High Templar  
  167  16:41  Zealot x4  
  167  16:42  Zealot  
  162  16:54  Stalker x2  
  162  16:55  Stalker  
  168  17:02  Dark Templar x2  
Show
View Real Time Build Order
Export as new Build Order

Epic Terran 

Build Orders:  

Get SALT Encoding   

  12  0:00  SCV  
  13  0:12  SCV  
  14  0:16  Supply Depot  
  14  0:24  SCV  
  15  0:38  SCV  
  15  0:40  Barracks  
  16  0:42  Refinery  
  16  0:50  SCV  
  17  0:58  Barracks  
  17  1:02  SCV  
  18  1:11  Supply Depot  
  18  1:15  SCV  
  19  1:26  Reaper  
  19  1:31  Orbital Command  
  20  1:45  Reaper  
  21  1:56  SCV  
  22  2:02  Reaper  
  24  2:08  SCV  
  24  2:12  Command Center  
  24  2:20  SCV  
  25  2:22  Barracks  
  25  2:32  Barracks Tech Lab  
  25  2:33  SCV  
  25  2:34  Refinery  
  26  2:37  Supply Depot  
  26  2:45  SCV, Barracks Reactor  
  27  2:55  Marauder  
  27  2:56  Concussive Shells  
  27  2:57  SCV  
  30  3:09  SCV  
  30  3:10  Barracks Tech Lab  
  31  3:17  Marauder  
  33  3:21  SCV  
  33  3:23  Marine x2  
  33  3:24  Orbital Command  
  36  3:30  Stimpack  
  36  3:31  Marauder  
  36  3:34  SCV  
  39  3:38  Marauder  
  39  3:41  Marine  
  41  3:42  Marine  
  41  3:44  Orbital Command  
  41  3:46  SCV  
  44  3:55  Marauder  
  46  3:58  Supply Depot, SCV  
  46  4:00  Combat Shield  
  47  4:03  Marine  
  47  4:04  Marine  
  49  4:11  SCV  
  49  4:13  SCV  
  49  4:16  Marauder  
  53  4:20  Marauder  
  55  4:25  Supply Depot, SCV  
  55  4:27  SCV  
  57  4:31  Engineering Bay  
  57  4:37  SCV  
  57  4:39  SCV, Factory  
  57  4:44  Refinery  
  58  4:48  Supply Depot  
  58  4:49  SCV  
  58  4:51  SCV  
  60  4:59  Marine x2  
  64  5:00  Marauder x2  
  64  5:04  Terran Infantry Weapons Level 1  
  65  5:08  SCV x2  
  65  5:12  Supply Depot  
  67  5:20  Marine x2  
  72  5:21  Marauder x2  
  72  5:25  Starport, Factory Reactor  
  72  5:27  SCV x2  
  74  5:31  Supply Depot  
  74  5:35  Supply Depot  
  74  5:39  SCV x2  
  80  5:43  Marauder x2  
  80  5:44  Marine x2  
  80  5:59  SCV x2  
  80  6:02  Marine x2, Refinery  
  80  6:04  Supply Depot, Marauder x2  
  88  6:09  Medivac x2  
  92  6:13  Supply Depot  
  92  6:20  Marine x2  
  98  6:25  Marauder x2  
  98  6:30  Command Center  
  98  6:38  Supply Depot, Marine x2  
  98  6:39  Medivac x2  
  104  6:46  SCV x2  
  106  6:47  Marauder  
  106  6:54  Barracks  
  106  6:55  Barracks  
  106  6:59  Marine x2, Marauder  
  110  7:04  Supply Depot  
  110  7:08  Marauder  
  112  7:09  SCV x2  
  112  7:12  Viking x2  
  118  7:22  SCV x2, Ghost Academy  
  120  7:24  Supply Depot  
  120  7:29  Terran Infantry Armor Level 1  
  120  7:35  Starport  
  120  7:37  SCV x2  
  120  7:42  Orbital Command  
  122  7:44  Barracks Tech Lab  
  122  7:46  Barracks Reactor  
  122  7:50  SCV x2  
  124  7:54  Viking  
  124  7:56  Viking  
  128  8:00  Ghost  
  128  8:03  Ghost  
  132  8:09  Ghost  
  132  8:10  SCV x2  
  132  8:11  SCV  
  137  8:14  Marine  
  137  8:15  Marine  
  137  8:17  Viking  
  141  8:20  Supply Depot  
  141  8:24  Supply Depot  
  141  8:26  Supply Depot  
  139  8:28  Viking  
  139  8:31  Viking  
  139  8:32  Marine x2  
  139  8:33  Marine x2  
  147  8:36  Marine  
  148  8:46  Marauder x2  
  148  8:47  Viking  
  148  8:48  Refinery x2  
  154  8:50  SCV x3  
  154  8:53  Marine  
  154  8:54  Marine x3, Marauder  
  163  9:00  Viking  
  163  9:01  Viking  
  163  9:11  Supply Depot  
  163  9:12  Supply Depot  
  163  9:14  Marine, Armory  
  163  9:15  Marine x3  
  163  9:16  Engineering Bay  
  167  9:21  Marauder x2  
  167  9:23  Marauder  
  173  9:29  Liberator  
  173  9:30  Liberator  
  179  9:36  Supply Depot  
  177  9:43  Marauder x2  
  177  9:44  Marauder  
  132  10:01  Marine  
  132  10:02  Medivac  
  132  10:04  Marauder  
  136  10:09  Command Center  
  128  10:21  Marauder x2  
  130  10:25  Marine x4, Marauder  
  132  10:30  SCV x2  
  132  10:31  SCV  
  129  10:43  SCV x3  
  129  10:48  Marauder x3  
  138  10:52  Terran Infantry Armor Level 2, Terran Infantry Weapons Level 2  
  138  10:56  Bunker  
  138  10:59  Medivac x2  
  142  11:05  Marine  
  142  11:06  Marine x3  
  142  11:09  Liberator  
  149  11:15  Ghost x2  
  151  11:20  Missile Turret  
  151  11:21  Missile Turret  
  151  11:25  Missile Turret  
  150  11:31  SCV x3  
  152  11:43  Ghost  
  152  11:44  Ghost  
  152  11:47  Marine x4  
  154  11:52  Refinery  
  154  11:53  Liberator  
  161  11:55  Marauder  
  156  12:12  Marine, Marauder  
  156  12:13  Marine x3, Marauder  
  156  12:14  Planetary Fortress, Barracks  
  156  12:15  SCV, Barracks  
  163  12:16  Barracks  
  163  12:17  SCV  
  164  12:25  Medivac x2  
  166  12:30  SCV x3  
  169  12:37  Fusion Core  
  169  12:45  SCV x3  
  172  12:55  Marine x2, Marauder  
  172  12:56  Marauder x2  
  172  12:57  SCV  
  166  13:09  Liberator x2  
  149  13:21  Barracks Tech Lab x3  
  126  13:29  SCV x4  
  126  13:31  Marine x3, Marauder x3  
  133  13:37  Starport Reactor  
  133  13:42  SCV x2  
  133  13:43  SCV  
  133  13:46  Advanced Ballistics  
  133  13:47  Terran Ship Weapons Level 1  
  136  13:49  Ghost  
  136  13:52  SCV  
  124  14:08  Marauder x5  
  134  14:12  Marine x4  
  134  14:16  Liberator  
  141  14:19  Marauder  
  141  14:23  Medivac  
  147  14:26  Liberator  
  147  14:29  Marauder  
  148  14:32  Ghost x2  
  148  14:33  Marauder x2  
  151  14:46  Liberator  
  151  14:50  Marauder  
  151  14:51  Marine x2, Marauder  
  151  14:52  Marine x2, Liberator  
  162  14:54  Marauder  
  162  14:56  Missile Turret  
  167  15:00  Liberator  
  170  15:07  Marauder x3  
  170  15:09  Marine  
  177  15:28  Ghost x3  
  173  15:36  Marine  
  173  15:37  Marine x3  
  173  15:39  Command Center  
  173  15:40  Liberator  
  180  15:43  Refinery x2  
  180  15:47  Liberator  
  180  15:49  Marine x2  
  186  15:54  Marine  
  187  15:57  Marine x4, Marauder  
  187  15:58  Marauder x2  
  196  16:12  Marine  
  196  16:15  Marine x3  
  179  16:26  Ghost  
  179  16:30  Marine, Marauder x3  
  179  16:31  Marine x2  
  139  16:41  Marine  
  139  16:46  Marine x2  
  107  16:48  Marine  
  107  16:49  Marauder x2  
Tags
 
Add a new tag
Caveats
  • Supply blocks, unpowered buildings, or Contaminate may cause inaccurate times.
  • Supply counts are checked every 10 seconds.